Map: Dusty Gorge

Players

MASTERPUPPET - Winner!

  • Race: Protoss Protoss
  • League: Platinum
  • Spawn Location: 3:00

Biochemist - Winner!

  • Race: Terran Terran
  • League: Silver
  • Spawn Location: 5:00

Nigrnog

  • Race: Zerg Zerg
  • League: Gold
  • Spawn Location: 11:00

MooEsqoo

  • Race: Protoss Protoss
  • Spawn Location: 9:00

VOD

Have the link to the VOD?

Description

Time

  • Played on: Jan. 16, 2020, 8:27 a.m.
  • Length: 12:37
Show
View Real Time Build Order
Export as new Build Order

MASTERPUPPET Protoss - Winner!

Build Orders: Oracle Opening 

Get SALT Encoding   

  12  0:02  Probe  
  13  0:18  Probe  
  13  0:20  Pylon  
  14  0:30  Probe  
  15  0:37  Assimilator  
  15  0:43  Gateway  
  15  0:55  Probe  
  16  1:07  Probe  
  17  1:18  Assimilator  
  17  1:19  Probe  
  18  1:32  Probe, Cybernetics Core  
  19  1:37  Gateway  
  19  1:44  Probe  
  20  1:56  Probe  
  21  2:09  Pylon  
  21  2:17  Adept (Chrono Boost)  
  23  2:25  Adept (Chrono Boost)  
  23  2:27  Warp Gate (Chrono Boost)  
  25  2:33  Pylon  
  25  2:36  Stargate  
  25  2:38  Probe  
  25  2:42  Assimilator  
  26  2:51  Probe  
  28  3:34  Oracle, Gateway  
  28  3:36  Gateway  
  28  3:56  Twilight Council  
  28  4:09  Nexus  
  28  4:12  Adept  
  30  4:28  Pylon  
  30  4:29  Pylon  
  30  4:31  Pylon  
  30  4:33  Pylon  
  30  5:04  Resonating Glaives (Chrono Boost)  
  30  5:06  Adept  
  30  5:07  Adept x3  
  34  5:11  Oracle  
  41  5:28  Adept x4  
  49  5:48  Gateway  
  49  5:49  Oracle, Gateway  
  52  5:54  Adept  
  54  6:02  Adept  
  56  6:38  Adept x4  
  64  6:44  Oracle  
  67  6:48  Adept  
  67  6:49  Adept  
  71  7:02  Probe (Chrono Boost)  
  71  7:03  Probe (Chrono Boost)  
  73  7:11  Adept  
  73  7:12  Probe x2 (Chrono Boost)  
  77  7:17  Probe (Chrono Boost)  
  78  7:32  Pylon  
  78  7:34  Pylon  
  78  7:39  Probe  
  76  7:44  Phoenix  
  78  8:04  Probe x2  
  80  8:11  Adept x2  
  80  8:12  Adept x4  
  92  8:16  Probe  
  93  8:54  Pylon  
  89  9:19  Stalker x5  
  89  9:20  Stalker  
  95  9:37  Pylon  
  65  9:55  Stalker  
  65  9:56  Stalker x5  
  42  10:21  Phoenix (Chrono Boost)  
  42  10:30  Stargate  
  42  10:33  Probe x2  
  44  10:35  Assimilator x2  
  44  10:37  Phoenix (Chrono Boost)  
  46  10:45  Probe  
  46  10:46  Stalker  
  46  10:47  Stalker  
  51  10:57  Probe x2  
  51  11:01  Phoenix (Chrono Boost)  
  55  11:07  Stalker  
  55  11:09  Probe  
  55  11:10  Stalker  
  60  11:17  Phoenix x2 (Chrono Boost)  
  64  11:33  Phoenix x2 (Chrono Boost)  
  68  11:49  Nexus  
  68  11:57  Phoenix  
  68  11:58  Phoenix  
  72  12:03  Probe x2  
  74  12:15  Probe, Stalker x2  
Show
View Real Time Build Order
Export as new Build Order

Biochemist Terran - Winner!

Build Orders:  

Get SALT Encoding   

  12  0:04  SCV  
  13  0:19  Supply Depot  
  13  0:23  SCV  
  14  0:34  Refinery  
  14  0:35  SCV  
  15  0:56  Supply Depot  
  15  1:00  Barracks  
  15  1:07  SCV  
  16  1:16  Refinery  
  16  1:19  SCV  
  17  1:31  SCV  
  18  1:59  Barracks Reactor  
  18  2:06  Orbital Command  
  18  2:36  Reaper x2  
  20  2:42  SCV  
  21  2:52  Barracks  
  21  2:54  SCV  
  22  3:06  SCV  
  22  3:08  Reaper x2  
  25  3:18  SCV  
  26  3:30  SCV  
  27  3:40  Reaper x2  
  29  3:44  Command Center  
  29  3:45  Engineering Bay  
  29  3:46  Barracks Reactor, Engineering Bay  
  28  5:42  Reaper x4  
  27  5:50  Terran Infantry Armor Level 1, Terran Infantry Weapons Level 1  
  27  5:56  Refinery  
  27  6:02  Refinery  
  27  6:03  SCV  
  28  6:14  Reaper x4  
  28  6:15  SCV  
  33  6:26  Barracks  
  33  6:27  Barracks  
  33  6:28  SCV  
  34  6:42  SCV  
  34  6:46  Reaper x4  
  34  6:47  SCV  
  40  6:55  SCV  
  40  6:59  SCV  
  42  7:07  SCV  
  43  7:13  Supply Depot  
  43  7:15  Barracks  
  43  7:16  Barracks  
  43  7:18  Reaper x3  
  46  7:33  Barracks Reactor x2  
  46  7:35  Reaper, Supply Depot, SCV  
  48  7:42  Missile Turret  
  48  7:47  SCV  
  48  7:50  Reaper x2  
  48  7:51  Reaper  
  52  7:57  Supply Depot  
  52  8:07  Reaper  
  53  8:13  Missile Turret  
  53  8:19  Supply Depot  
  53  8:22  Reaper  
  53  8:23  Reaper  
  55  8:38  Missile Turret  
  55  8:39  Barracks Reactor x2  
  55  8:40  Reaper x5  
  55  8:41  Reaper  
  61  8:43  Supply Depot  
  61  8:54  Reaper  
  61  8:55  Reaper  
  63  9:06  Supply Depot  
  63  9:12  Reaper x2  
  63  9:13  Reaper x4  
  69  9:18  Marine x4  
  73  9:26  Reaper  
  73  9:27  Reaper  
  75  9:35  Marine  
  75  9:36  Marine x3  
  79  9:44  Marine x6  
  85  9:53  Marine  
  85  9:54  Marine x3  
  85  9:58  Marine  
  85  9:59  Marine  
  91  10:02  Marine  
  63  11:00  Marine x12  
  66  11:15  Orbital Command  
  66  11:17  Marine  
  66  11:18  Marine x11  
  78  11:31  Factory  
  78  11:35  Marine  
  78  11:36  Marine x11  
  90  11:53  Marine  
  90  11:54  Marine x3  
  94  12:06  Supply Depot  
Show
View Real Time Build Order
Export as new Build Order

Nigrnog Zerg 

Build Orders: Pool First 

Get SALT Encoding   

  12  0:00  Drone  
  13  0:13  Overlord  
  13  0:20  Drone  
  14  0:31  Extractor  
  14  0:34  Drone x2  
  15  0:48  Spawning Pool  
  14  1:00  Drone  
  14  1:01  Drone  
  16  1:08  Drone  
  17  1:12  Drone  
  18  1:25  Overlord  
  18  1:35  Extractor  
  17  1:56  Drone x3  
  20  2:04  Queen  
  20  2:07  Metabolic Boost  
  22  2:10  Zergling x2  
  23  2:26  Drone  
  24  2:34  Zergling x2  
  25  2:40  Zergling x2  
  26  2:52  Drone  
  26  2:54  Hatchery  
  26  3:15  Zergling x8  
  30  3:41  Lair  
  30  3:47  Overlord x2  
  30  4:11  Hatchery  
  29  4:17  Zergling x6  
  29  4:18  Zergling x6  
  29  4:23  Spore Crawler  
  34  4:47  Spore Crawler  
  34  4:48  Drone x3  
  36  5:07  Spore Crawler  
  36  5:08  Drone x2  
  36  5:12  Zergling x2  
  37  5:46  Drone x2  
  37  5:47  Drone x7  
  46  5:53  Spore Crawler  
  45  5:58  Drone  
  46  6:08  Drone x3  
  47  6:16  Spore Crawler  
  44  6:30  Spore Crawler  
  42  6:36  Drone x2  
  42  6:37  Drone  
  45  6:41  Spore Crawler  
  45  6:42  Drone x3  
  47  6:48  Spire  
  46  6:56  Queen  
  48  7:02  Queen  
  48  7:06  Extractor  
  49  7:09  Extractor  
  48  7:17  Infestation Pit  
  48  7:19  Drone x4  
  51  7:36  Drone x2  
  51  7:37  Drone  
  54  7:52  Drone x3  
  54  7:58  Zergling x2  
  58  7:59  Overlord x5  
  58  8:12  Overlord  
  58  8:16  Corruptor  
  58  8:17  Corruptor x2  
  64  8:22  Corruptor  
  43  8:42  Mutalisk x4  
  51  8:52  Mutalisk  
  48  9:09  Mutalisk x3  
  54  9:24  Zergling x8  
  49  10:37  Spire x2  
  32  11:08  Drone x6  
  38  11:28  Spawning Pool  
  38  11:31  Drone x3  
  40  11:37  Hatchery, Drone  
  40  11:46  Drone  
  41  11:58  Drone  
  42  12:11  Drone x3  
  42  12:12  Drone  
  46  12:18  Baneling Nest  
Show
View Real Time Build Order
Export as new Build Order

MooEsqoo Protoss 

Build Orders:  

Get SALT Encoding   

  12  0:01  Probe  
  13  0:14  Probe  
  14  0:21  Pylon  
  14  0:27  Probe  
  15  0:40  Gateway  
  15  0:42  Probe  
  16  0:50  Assimilator  
  16  0:54  Probe (Chrono Boost)  
  17  1:06  Probe (Chrono Boost)  
  18  1:13  Probe (Chrono Boost)  
  19  1:20  Probe  
  20  1:32  Probe  
  21  1:34  Cybernetics Core  
  21  1:55  Nexus  
  20  2:40  Stalker (Chrono Boost)  
  22  2:44  Warp Gate  
  22  2:56  Probe  
  22  3:08  Probe  
  22  3:27  Probe x2  
  23  3:39  Probe x2  
  25  3:42  Pylon  
  25  3:45  Stalker (Chrono Boost)  
  27  3:56  Pylon  
  27  4:01  Gateway  
  27  4:16  Stalker (Chrono Boost), Assimilator  
  29  4:25  Stargate  
  25  4:55  Stalker  
  26  5:06  Oracle (Chrono Boost)  
  26  5:23  Probe x2  
  23  5:35  Probe x2  
  22  5:46  Stalker x2  
  26  5:52  Probe (Chrono Boost)  
  26  5:53  Probe (Chrono Boost)  
  28  6:02  Probe (Chrono Boost)  
  28  6:03  Probe (Chrono Boost)  
  30  6:07  Probe x2 (Chrono Boost), Gateway  
  30  6:10  Gateway  
  32  6:12  Gateway  
  32  6:19  Probe x2, Stalker x2  
  38  6:33  Phoenix (Chrono Boost)  
  38  6:38  Probe  
  38  6:39  Probe  
  42  6:45  Assimilator  
  42  6:49  Assimilator  
  42  6:51  Probe x2  
  44  6:54  Robotics Facility  
  44  7:04  Probe x2  
  46  7:11  Nexus  
  46  7:16  Probe x2  
  42  7:28  Probe x2  
  39  7:37  Phoenix (Chrono Boost)  
  41  7:44  Probe x2  
  43  7:53  Phoenix (Chrono Boost)  
  43  7:54  Observer (Chrono Boost)  
  43  7:56  Probe x2  
  48  8:08  Probe  
  48  8:09  Stalker x2  
  53  8:21  Probe  
  53  8:23  Probe  
  53  8:26  Pylon  
  55  8:33  Probe  
  56  8:35  Probe  
  57  9:20  Stalker x2  
  57  9:21  Stalker x2  
  57  9:23  Stalker  
  67  9:25  Probe  
  67  9:26  Probe x2  
  70  9:38  Probe x3  
  65  9:47  Stalker x2  
  65  9:48  Stalker x3  
  26  10:40  Probe x3  
  27  10:52  Probe x3  
  18  11:04  Probe x3  
  21  11:16  Probe x2  
  21  11:17  Probe  
  24  11:28  Probe x2  
  24  11:29  Probe  
  27  11:46  Probe x2  
  27  11:47  Probe  
  30  11:58  Probe x2  
  30  11:59  Probe  
  33  12:10  Probe  
  33  12:11  Probe x2  
Tags
 
Add a new tag
Caveats
  • Supply blocks, unpowered buildings, or Contaminate may cause inaccurate times.
  • Supply counts are checked every 10 seconds.